 Dungeon Crawl Stone Soup version 0.28.0-45-g0d030f2227 (webtiles) character file.

Game seed: 2269769995517926953

1563 mortz the Conjurer (level 8, -1/41 HPs)
             Began as a Deep Elf Conjurer on Apr 19, 2022.
             Was an Initiate of Gozag.
             Slain by an orc warrior
             ... wielding a +0 halberd
              (14 damage)
             ... on level 6 of the Dungeon.
             The game lasted 00:27:33 (7445 turns).

mortz the Conjurer (Deep Elf Conjurer)              Turns: 7445, Time: 00:27:34

Health: -1/41      AC:  5    Str:  4    XL:     8   Next: 58%
Magic:  6/20       EV: 12    Int: 32    God:    Gozag
Gold:   230        SH:  0    Dex: 19    Spells: 4/21 levels left

rFire   . . .      SeeInvis .   b - +1 hand axe (flame) {axe}
rCold   . . .      Faith    .   (no shield)
rNeg    . . .      Spirit   .   t - +0 leather armour
rPois   .          Reflect  .   v - +1 hat
rElec   .          Harm     .   (no cloak)
rCorr   .          Rampage  .   p - +0 pair of gloves
Will    .....                   (no boots)
Stlth   +++.......              (no amulet)
HPRegen 0.13/turn               s - +6 ring of intelligence
MPRegen 0.17/turn               z - +6 ring of dexterity

@: gold aura
A: no striking features
a: Renounce Religion, Potion Petition, Call Merchant, Bribe Branch


You were on level 6 of the Dungeon.
You worshipped Gozag.
Gozag was aware of your devotion.
You visited 2 branches of the dungeon, and saw 7 of its levels.

You collected 355 gold pieces.
You paid 125 gold pieces to Gozag.


   Skills:
 + Level 0.3 Fighting
 + Level 1.6 Armour
 + Level 2.8 Dodging
 + Level 5.1 Stealth
 + Level 7.1 Spellcasting
 + Level 7.8 Conjurations
 * Level 3.3 Transmutations
 * Level 2.6 Fire Magic
 * Level 2.6 Air Magic
 * Level 3.0 Poison Magic


You had 4 spell levels left.
You knew the following spells:

 Your Spells              Type           Power      Damage    Failure   Level
a - Magic Dart            Conj           100%       1d8       1%          1
b - Searing Ray           Conj           100%       2d8       1%          2
c - Mephitic Cloud        Conj/Pois/Air  40%        N/A       3%          3
d - Ignite Poison         Fire/Tmut/Pois 30%        N/A       6%          3
e - Fulminant Prism       Conj/Hex       18%        3d11      14%         4
f - Iskenderun's Mystic   Conj/Tloc      36%        2d9       14%         4

Your spell library contained the following spells:

 Spells                   Type           Power      Damage    Failure   Level
 Dazzling Flash           Conj/Hex       72%        N/A       4%          3
 Spider Form              Tmut/Pois      31%        N/A       6%          3
 Ensorcelled Hibernation  Hex/Ice        22%        N/A       11%         2
 Anguish                  Hex/Necr       5%         N/A       56%         4
 Freezing Cloud           Conj/Ice/Air   16%        6-21      43%         5
 Chain Lightning          Conj/Air       22%        3d30      100%        9
 Fire Storm               Conj/Fire      22%        8d6       100%        9
 Shatter                  Erth           5%         3d8*      100%        9

Inventory:

Hand Weapons
 b - a +1 hand axe of flaming (weapon) {axe}
   (You took it off an orc on level 3 of the Dungeon)
 e - a +0 double sword {longrare=g}
   (You found it on level 6 of the Dungeon)
 r - a +0 flail {mace}
   (You took it off an orc on level 3 of the Dungeon)
Missiles
 c - 73 arrows
 g - 136 stones {throwing}
 l - 12 poisoned darts {throwing}
 m - 5 javelins {throwing}
 A - 21 bolts
Armour
 a - a +0 robe
 p - a +0 pair of gloves (worn)
   (You found it on level 2 of the Dungeon)
 t - a +0 leather armour (worn)
   (You took it off an orc on level 4 of the Dungeon)
 v - a +1 hat (worn)
   (You found it on level 4 of the Dungeon)
Magical Staves
 x - a staff of earth {!astaff}
   (You found it on level 5 of the Dungeon)
Jewellery
 s - a +6 ring of intelligence (left hand)
   (You found it on level 3 of the Dungeon)
 y - a ring of ice
   (You found it on level 5 of the Dungeon)
 z - a +6 ring of dexterity (right hand)
   (You found it on level 5 of the Dungeon)
Wands
 u - a wand of paralysis (18)
   (You found it on level 4 of the Dungeon)
Scrolls
 n - a scroll of vulnerability {!r!r}
Potions
 d - 2 potions of ambrosia
 f - 2 potions of mutation {!q}
 h - 2 potions of haste {@q3}
 i - a potion of might
 j - 2 potions of resistance
 k - a potion of curing {@q1}
 o - 2 potions of heal wounds {@q2}
 q - 2 potions of brilliance
 w - a potion of invisibility

Dungeon Overview and Level Annotations

Branches:
Dungeon (6/15)             Temple (1/1) D:6

Altars:
Cheibriados
Dithmenos
Fedhas
Gozag
Hepliaklqana
Kikubaaqudgha
Makhleb
Nemelex Xobeh
Sif Muna
Trog
Uskayaw
Vehumet
Yredelemnul
Zin
The Shining One

Annotations:
D:2 Sigmund

..#.#
#.#.....#+####..
..#.#
#.#.............
..#.#
#.#.............
#.#.#
#.#.............
..#.#
#.#.............
#.#.#
#.##............
....#
#....########
#'########
#....#
.........#
#.@..#
.........#
#.$..#
.........#
#...o#
.........#
...ยงยง..
.........#
....โ—‹โ˜ผS..
.........#
#......$o...
.........#
#...........
.(.......#
#...........
.........#


You could see an orc warrior, an orc wizard and an adder (confused).


Message History

You now have 230 gold pieces (gained 13).
An orc wizard comes into view. It is wielding a +0 dagger.
Aiming: Magic Dart (safe; 1% risk of failure)
Press: ? - help, Q - select action, (/) - cycle Shift-Dir - straight line, f - orc wizard
Aim: an orc wizard, wielding a +0 dagger and wearing a +0 robe (asleep, 100% to hit)
The magic dart hits the orc wizard.
The orc wizard shouts! ๐Ÿ˜Ž MP[-1]
You lost 1 mp, and now have 19/20 mp.
Aiming: Magic Dart (safe; 1% risk of failure)
Press: ? - help, Q - select action, (/) - cycle Shift-Dir - straight line, f/p - orc wizard
Aim: an orc wizard, wielding a +0 dagger and wearing a +0 robe (heavily wounded, 100% to hit)
The magic dart hits the orc wizard.
The orc wizard points at you and mumbles some strange words.
The puff of flame hits you.
An orc warrior comes into view.
It is wielding a +0 halberd. ๐Ÿ˜• HP[-4] MP[-1]
You take 4 damage, and now have 37/41 hp.
You lost 1 mp, and now have 18/20 mp.
Aiming: Magic Dart (safe; 1% risk of failure)
Press: ? - help, Q - select action, (/) - cycle Shift-Dir - straight line, f/p - orc wizard
Aim: an orc wizard, wielding a +0 dagger and wearing a +0 robe (heavily wounded, 100% to hit)
The magic dart hits the orc wizard.
The orc warrior shouts! ๐Ÿ˜• MP[-1]
You lost 1 mp, and now have 17/20 mp.
Aiming: Magic Dart (safe; 1% risk of failure)
Press: ? - help, Q - select action, (/) - cycle Shift-Dir - straight line, f/p - orc wizard
Aim: an orc wizard, wielding a +0 dagger and wearing a +0 robe (severely wounded, 100% to hit)
The magic dart hits the orc wizard but does no damage.
The orc wizard gestures at you while chanting.
You easily resist.
You hear an angry hiss. ๐Ÿ˜• MP[-1]
You lost 1 mp, and now have 16/20 mp.
Aiming: Magic Dart (safe; 1% risk of failure)
Press: ? - help, Q - select action, (/) - cycle Shift-Dir - straight line, f/p - orc wizard
Aim: an orc wizard, wielding a +0 dagger and wearing a +0 robe (severely wounded, 100% to hit)
The magic dart hits the orc wizard.
An adder comes into view.
The orc wizard points at you and mumbles some strange words.
The magic dart hits you. ๐Ÿ˜• HP[-6] MP[-1]
You take 6 damage, and now have 31/41 hp.
You lost 1 mp, and now have 15/20 mp.
Aiming: Magic Dart (safe; 1% risk of failure)
Press: ? - help, Q - select action, (/) - cycle Shift-Dir - straight line, f/p - orc wizard
Aim: an orc wizard, wielding a +0 dagger and wearing a +0 robe (almost dead, 100% to hit)
The magic dart hits the orc wizard.
You kill the orc wizard!
Casting: Magic Dart (safe; 1% risk of failure)
Confirm with . or Enter, or press ? or * to list all spells.
Aiming: Searing Ray (safe; 1% risk of failure)
Press: ? - help, Shift-Dir - straight line, f - orc warrior
Aim: an orc warrior, wielding a +0 halberd and wearing a +0 chain mail (81% to hit)
The searing ray hits the orc warrior. (Press . to maintain the ray.) ๐Ÿ˜• HP[+1] MP[-2]
You lost 2 mp, and now have 13/20 mp.
The searing ray hits the orc warrior!
An orc wizard comes into view. It is wielding a +0 dagger.
The adder is distracted by your dazzling golden aura.
The orc warrior hits you from afar with a +0 halberd. ๐Ÿ˜ฎ HP[-2] MP[-1]
You take 2 damage, and now have 30/41 hp.
You lost 1 mp, and now have 12/20 mp.
Casting: Searing Ray (safe; 1% risk of failure)
Confirm with . or Enter, or press ? or * to list all spells.
Aiming: Mephitic Cloud (dangerous; 3% risk of failure)
Press: ? - help, Shift-Dir - straight line, p - orc warrior The ball explodes into a vile cloud!
The stinking cloud engulfs the adder but does no damage.
The adder is no longer distracted by gold.
The adder hisses angrily.
The stinking cloud engulfs the orc warrior but does no damage.
The orc wizard shouts!
The orc warrior closely misses you. ๐Ÿ˜ฎ MP[-3]
You lost 3 mp, and now have 9/20 mp.
Casting: Mephitic Cloud (dangerous; 3% risk of failure)
Confirm with . or Enter, or press ? or * to list all spells.
Aiming: Searing Ray (safe; 1% risk of failure)
Press: ? - help, Shift-Dir - straight line, f - orc warrior
Aim: an orc warrior, wielding a +0 halberd and wearing a +0 chain mail (heavily wounded, 81% to hit)
The searing ray hits the orc warrior. (Press . to maintain the ray.)
The adder is engulfed in noxious fumes.
The adder appears confused.
The orc wizard points at you and mumbles some strange words.
The magic dart hits you but does no damage.
The orc warrior hits you from afar with a +0 halberd!
* * * LOW HITPOINT WARNING * * *
๐Ÿ˜จ HP[-17] MP[-2]
You take 17 damage, and now have 13/41 hp.
MASSIVE DAMAGE!! (PAUSE)
You lost 2 mp, and now have 7/20 mp.
The searing ray hits the orc warrior.
The adder is engulfed in noxious fumes.
The adder appears confused.
The orc warrior hits you from afar with a +0 halberd!
You die...
Your body crumbles into a pile of gold.

Skill      XL: |  1  2  3  4  5  6  7  8 |
---------------+-------------------------+-----
Conjurations   | 5 6 7 |  7.8
Spellcasting   | 4 5 6 7 |  7.1
Stealth        | 3 4 5 |  5.1
Poison Magic   | 1 2 3 |  3.0
Air Magic      | 1 2 |  2.6
Fire Magic     | 1 2 |  2.6
Transmutations | 2 3 |  3.3
Armour         | 1 |  1.6
Fighting       | |  0.3
Dodging        | |  2.8

Action                   |  1- 3 |  4- 6 |  7- 9 || total
-------------------------+-------+-------+-------++-------
 Cast: Magic Dart        |    33 |    75 |    48 ||   156
       Searing Ray       |     9 |    28 |    27 ||    64
       Mephitic Cloud    |       |       |     1 ||     1
Evoke: Wand              |       |       |     1 ||     1
  Use: Scroll            |       |     9 |     5 ||    14
Armor: Leather armour    |       |       |     2 ||     2
Dodge: Dodged            |     2 |     6 |     4 ||    12

Levels and vault maps discovered:
D:1:      wander_arrival_lonely_grave, layout_basic, minmay_misc_feat_room,
          chequers_serial_rivers_large_a
D:2:      layout_rooms, hellmonk_ecumenical_altar_lost_god, grunt_ministairs_7,
          minmay_misc_feat_more_columns, serial_bayou_pond_a,
          ebering_dispersal_statue_hall, kennysheep_decorative_pillar,
          kennysheep_cross_room, uniq_jessica, uniq_sigmund
D:3:      layout_loops_corners, mainiacjoe_overflow_boulevard,
          amethyst_killhole, amcnicky_mini_pool_small
D:4:      layout_layer_cave, mainiacjoe_overflow_concentric_impassable,
          uniq_natasha
D:5:      layout_loops_ring, lemuel_tele_altar, kennysheep_little_box,
          nicolae_hepliaklqana_hippocampus
D:6:      layout_basic, grunt_temple_overflow_open,
          minmay_temple_entry_overgrown, uniq_grinder
Temple:   dpeg_chambers_temple

Notes
Turn   | Place    | Note
-------+----------+-------------------------------------------
     0 | D:1      | mortz the Deep Elf Conjurer began the quest for the Orb.
     0 | D:1      | Reached XP level 1. HP: 10/10 MP: 6/6
     0 | D:1      | magus.rc [v1.9.6]
    27 | D:1      | You add the spells Ignite Poison, Mephitic Cloud and
                  | Freezing Cloud to your library.
   220 | D:1      | Reached XP level 2. HP: 15/15 MP: 4/8
   264 | D:1      | Learned a level 2 spell: Searing Ray
   821 | D:1      | magus.rc [v1.9.6]
  1110 | D:1      | Reached skill level 5 in Conjurations
  1292 | D:1      | Reached XP level 3. HP: 19/19 MP: 3/10
  1296 | D:1      | Learned a level 3 spell: Mephitic Cloud
  1300 | D:1      | Learned a level 3 spell: Ignite Poison
  1537 | D:2      | Found a faded altar of an unknown god.
  1556 | D:2      | Reached XP level 4. HP: 24/24 MP: 4/11
  1672 | D:2      | Reached skill level 4 in Spellcasting
  1812 | D:2      | Noticed Jessica
  1826 | D:2      | Killed Jessica
  1827 | D:2      | Reached skill level 6 in Conjurations
  1883 | D:2      | You pick up a book of Annihilations and begin reading...
  1883 | D:2      | You add the spells Chain Lightning, Fire Storm and Shatter
                  | to your library.
  2069 | D:2      | Noticed Sigmund
  2409 | D:3      | Reached XP level 5. HP: 28/28 MP: 8/13
  2878 | D:3      | Found a burning altar of Makhleb.
  3035 | D:3      | Reached skill level 3 in Stealth
  3174 | D:3      | magus.rc [v1.9.6]
  3415 | D:3      | You pick up a book of Dreams and begin reading...
  3415 | D:3      | You add the spells Ensorcelled Hibernation, Spider Form and
                  | Anguish to your library.
  3877 | D:4      | Reached skill level 5 in Spellcasting
  3877 | D:4      | Reached XP level 6. HP: 32/32 MP: 9/15
  4042 | D:4      | Reached skill level 7 in Conjurations
  4042 | D:4      | Reached skill level 1 in Poison Magic
  4408 | D:4      | Noticed Natasha
  4414 | D:4      | Killed Natasha
  4415 | D:4      | Reached skill level 1 in Air Magic
  4520 | D:4      | Noticed Natasha
  4524 | D:4      | Killed Natasha
  4780 | D:4      | Noticed Natasha
  4784 | D:4      | Killed Natasha
  4785 | D:4      | Reached skill level 4 in Stealth
  4945 | D:4      | Reached skill level 1 in Fire Magic
  4945 | D:4      | Reached XP level 7. HP: 36/36 MP: 11/17
  5126 | D:4      | Reached skill level 1 in Transmutations
  5200 | D:4      | Found a hide-covered altar of Uskayaw.
  5347 | D:4      | Reached skill level 6 in Spellcasting
  5396 | D:5      | Entered Level 5 of the Dungeon
  5422 | D:5      | Found a sparkling altar of Nemelex Xobeh.
  5680 | D:5      | Reached skill level 2 in Transmutations
  5821 | D:5      | Reached skill level 2 in Poison Magic
  5937 | D:5      | Found a basalt altar of Yredelemnul.
  6234 | D:5      | Reached skill level 2 in Air Magic
  6334 | D:5      | Found a hazy altar of Hepliaklqana.
  6511 | D:6      | Reached skill level 2 in Fire Magic
  6511 | D:6      | Reached XP level 8. HP: 41/41 MP: 13/19
  6624 | D:6      | Noticed Grinder
  6634 | D:6      | Killed Grinder
  6635 | D:6      | Reached skill level 1 in Armour
  6635 | D:6      | Reached skill level 3 in Transmutations
  6764 | D:6      | e - a +0 double sword {longrare=g}
  6801 | D:6      | Reached skill level 5 in Stealth
  6876 | D:6      | Reached skill level 7 in Spellcasting
  6881 | D:6      | Reached skill level 3 in Poison Magic
  6958 | D:6      | Learned a level 4 spell: Fulminant Prism
  6963 | D:6      | Learned a level 4 spell: Iskenderun's Mystic Blast
  7122 | D:6      | Found a staircase to the Ecumenical Temple.
  7129 | Temple   | Entered the Ecumenical Temple
  7314 | Temple   | Became a worshipper of Gozag Ym Sagoz the Greedy
  7445 | D:6      | Slain by an orc warrior

Vanquished Creatures
  Grinder (D:6)
  An ice beast (D:6)
  A black bear (D:6)
  An ogre (D:5)
  A phantom (D:4)
  2 bullfrogs
  A scorpion (D:4)
  A water moccasin skeleton (D:4)
  6 hounds
  3 jellies
  A bullfrog skeleton (D:5)
  A centaur skeleton (D:5)
  A gnoll shaman (D:6)
  Jessica (D:2)
  An iguana (D:6)
  3 orc wizards
  Natasha (thrice) (D:4)
  8 adders
  8 gnolls
  A shadow imp (D:6)
  An adder skeleton (D:4)
  2 dart slugs
  12 orcs
  3 ball pythons
  3 endoplasms
  6 giant cockroaches
  7 hobgoblins
  2 jackals (D:3)
  5 kobolds
  2 quokkas (D:1)
  4 bats
  5 frilled lizards
  5 goblins
  6 rats
109 creatures vanquished.

Table legend:
 A = Non-vault XP
 B = Vault XP
 C = Vault XP percentage of total XP
 D = Non-vault monster count
 E = Vault monster count
 F = Vault count percentage of total count
                 A         B        C        D         E       F
            +---------+---------+-------+---------+---------+-------
      Total |    1875 |     359 |  16.1 |     104 |       5 |   4.6
            +---------+---------+-------+---------+---------+-------
        D:1 |      64 |       0 |   0.0 |      25 |       0 |   0.0
        D:2 |      85 |      40 |  32.0 |      10 |       3 |  23.1
        D:3 |     155 |       0 |   0.0 |      23 |       0 |   0.0
        D:4 |     529 |      33 |   5.9 |      23 |       1 |   4.2
        D:5 |     399 |       0 |   0.0 |       8 |       0 |   0.0
        D:6 |     643 |     286 |  30.8 |      15 |       1 |   6.2
            +---------+---------+-------+---------+---------+-------

Illustrated notes

Table legend:
 A = Kills in this place as a percentage of kills in entire the game.
 B = Kills by you in this place as a percentage of kills by you in the entire game.
 C = Kills by friends in this place as a percentage of kills by friends in the entire game.
 D = Other kills in this place as a percentage of other kills in the entire game.
 E = Experience gained in this place as a percentage of experience gained in the entire game.
 F = Experience gained in this place divided by the number of levels of this place that you have seen.
                   A       B       C       D       E      F
               +-------+-------+-------+-------+-------+----------------------
         Total | 100.0 | 100.0 |   N/A |   N/A | 100.0 | 319.1
       Dungeon | 100.0 | 100.0 |   N/A |   N/A | 100.0 | 372.3
               +-------+-------+-------+-------+-------+----------------------

Table legend: (Time is in decaauts)
 A = Elapsed time spent in this place.
 B = Non-inter-level travel time spent in this place.
 C = Inter-level travel time spent in this place.
 D = Time resting spent in this place.
 E = Time spent auto-exploring this place.
 F = Levels seen in this place.
 G = Mean time per level.
                   A        B        C        D        E       F      G
               +--------+--------+--------+--------+--------+-----+--------+
         Total |   7448 |   7285 |    163 |    403 |   6112 |   7 | 1064.0 |
       Dungeon |   7224 |   7087 |    137 |    403 |   5930 |   6 | 1204.0 |
        Temple |    223 |    197 |     26 |      0 |    182 |   1 |  223.0 |
               +--------+--------+--------+--------+--------+-----+--------+

Top non-repeatable levels by time:
     D:4: 1553 daAuts
     D:1: 1542 daAuts
     D:3: 1452 daAuts
     D:5: 1103 daAuts
     D:2: 851 daAuts
     D:6: 721 daAuts
  Temple: 223 daAuts
